 Dungeon Crawl Stone Soup version 0.32-a0-20-ge526923d97 (webtiles) character file.

Game seed: 7363466688830101855

701 grandjackal the Trooper (level 7, -8/56 HPs)
             Began as a Demonspawn Gladiator on Jan 18, 2024.
             Mangled by a wyvern (12 damage)
             ... on level 5 of the Dungeon.
             The game lasted 00:03:45 (4581 turns).

grandjackal the Trooper (Demonspawn Gladiator)      Turns: 4581, Time: 00:03:46

Health: -8/56      AC:  3    Str: 14    XL:     7   Next: 38%
Magic:  7/7        EV: 16    Int:  8    God:
Gold:   248        SH:  0    Dex: 17    Spells: 6/6 levels left

rFire   . . .        a - +0 long sword
rCold   + . .        (no shield)
rNeg    . . .        b - +0 leather armour
rPois   +            (helmet restricted)
rElec   .            (no cloak)
rCorr   .            (no gloves)
SInv    .            (no boots)
Will    .....        (no amulet)
Stlth   +            f - ring of protection from cold
HPRegen 0.29/turn    g - ring of poison resistance
MPRegen 0.10/turn

%: no passive effects
@: no status effects
A: antennae 1, repulsion field 1, foul stench 1
a: no special abilities


You were on level 5 of the Dungeon.
You visited 1 branch of the dungeon, and saw 5 of its levels.

You collected 248 gold pieces.

Inventory:

Hand Weapons
 a - a +0 long sword (weapon)
Missiles
 d - 2 throwing nets (quivered)
 e - 9 javelins
Armour
 b - a +0 leather armour (worn)
Jewellery
 f - a ring of protection from cold (left hand)
 g - a ring of poison resistance (right hand)
Wands
 r - a wand of roots (18)
 t - a wand of paralysis (14)
Scrolls
 h - 3 scrolls of revelation {unknown}
 m - 4 scrolls of identify {unknown}
 o - a scroll of noise {unknown}
 p - 2 scrolls of immolation {unknown}
 s - a scroll of vulnerability {unknown}
 u - a scroll of silence {unknown}
Potions
 c - a potion of enlightenment {unknown}
 i - 2 potions of attraction {unknown}
 j - 2 potions of brilliance {unknown}
 k - 3 potions of heal wounds {unknown}
 l - a potion of degeneration {unknown}
 n - 2 potions of cancellation {unknown}
 q - 3 potions of curing {unknown}


   Skills:
 + Level 5.1 Fighting
 + Level 5.1 Long Blades
 - Level 2.1 Throwing
 + Level 4.7 Dodging


You had 6 spell levels left.
You didn't know any spells.
Your spell library contained the following spells:

 Spells                   Type           Power      Damage    Failure   Level
 Slow                     Hex            0%         N/A       50%         1
 Ensorcelled Hibernation  Hex/Ice        0%         N/A       63%         2
 Lesser Beckoning         Tloc           0%         N/A       63%         2
 Confusing Touch          Hex            0%         N/A       86%         3
 Fugue of the Fallen      Necr           0%         N/A       86%         3
 Gell's Gravitas          Tloc           0%         N/A       86%         3
 Sigil of Binding         Hex            0%         N/A       86%         3
 Teleport Other           Tloc           0%         N/A       86%         3
 Vampiric Draining        Necr           0%         2d6       86%         3
 Anguish                  Hex/Necr       0%         N/A       99%         4
 Haunt                    Necr/Summ      0%         N/A       100%        7
 Borgnjor's Revivificati  Necr           0%         N/A       100%        8
 Death's Door             Necr           0%         N/A       100%        9


Dungeon Overview and Level Annotations

Branches:
Dungeon (5/15)
 Temple: D:4-7

Altars:
Fedhas
Hepliaklqana


Innate Abilities, Weirdness & Mutations

You have a pair of small antennae on your head.
You are surrounded by a mild repulsion field. (EV +2)
You may rarely emit foul miasma when damaged in melee.


Message History

You are too injured to fight recklessly!
You closely miss the wyvern. The wyvern bites you!
You closely miss the wyvern. The wyvern closely misses you.
The wyvern barely misses you.
You closely miss the wyvern. The wyvern barely misses you.
The wyvern completely misses you.
You hit the wyvern but do no damage. The wyvern bites you.
* * * LOW HITPOINT WARNING * * *
You barely miss the wyvern. The wyvern barely misses you.
The wyvern misses you.
You hit the wyvern.
The wyvern is lightly wounded.
The wyvern bites you.
* * * LOW HITPOINT WARNING * * *
You slash the wyvern!
The wyvern is heavily wounded.
The wyvern closely misses you. The wyvern bites you!
* * * LOW HITPOINT WARNING * * *
Throw: 4 throwing nets
Press: ? - help, Q - select action, (/) - cycle Shift-Dir - straight line, f - wyvern
Aim: a wyvern (heavily wounded, 60% to hit)
You throw a throwing net.
The throwing net closely misses the wyvern.
The wyvern bites you.
* * * LOW HITPOINT WARNING * * *
Throw: 3 throwing nets
Press: ? - help, Q - select action, (/) - cycle Shift-Dir - straight line, f/p - wyvern
Aim: a wyvern (heavily wounded, 60% to hit)
You throw a throwing net. The throwing net hits the wyvern.
The wyvern is caught in the net!
The wyvern is heavily wounded.
The wyvern struggles against the net.
You hit the wyvern but do no damage.
The wyvern is heavily wounded.
The wyvern struggles against the net. x2
The net rips apart, and the wyvern comes free!
You closely miss the wyvern.
The wyvern is heavily wounded.
The wyvern barely misses you. The wyvern bites you!
You die...

.. ...
..................... ..
.. ......................
.. .
...................... ..
..................<...
####
..####.##...####..##'#
...#
########.##...####..##..
...#
#.....#.......#......#..
...# ..
#.....#.......#......#..
...# ..
#.....'@k.>..(#......#..
...# .
#.....#.......#......#..
##.#
#.##.##.####....###...###.
##.##.##.#####.#### ...#
##### ##
......#...........# ...
......#...........# ..
......+...........# .
########.##.#######
##....#####.####


You could see a wyvern.

Vanquished Creatures
  An ice beast (D:5)
  2 centaurs (D:5)
  A phantom (D:5)
  A scorpion (D:5)
  3 hounds
  An orc wizard (D:5)
  A hound zombie (D:3)
  5 gnolls
  4 adders
  2 adder zombies (D:3)
  2 adder skeletons (D:3)
  3 ribbon worms
  4 dart slugs
  8 orcs
  8 ball pythons
  7 endoplasms
  A giant cockroach (D:2)
  10 goblins
  3 hobgoblins
  2 jackals (D:3)
  4 kobolds
  2 quokkas
  A ball python skeleton (D:3)
  2 bats
  6 rats
84 creatures vanquished.

Notes
Turn   | Place    | Note
-------+----------+-------------------------------------------
     0 | D:1      | grandjackal the Demonspawn Gladiator began the quest for
                  | the Orb.
     0 | D:1      | Reached XP level 1. HP: 16/16 MP: 1/1
   104 | D:1      | Gained mutation: You may rarely emit foul miasma when
                  | damaged in melee. [demonic ancestry]
   104 | D:1      | Reached XP level 2. HP: 9/22 MP: 2/2
   237 | D:1      | Found a faded altar of an unknown god.
   499 | D:1      | Reached XP level 3. HP: 26/28 MP: 3/3
  1427 | D:2      | Identified the +1 pair of boots of Quantum Leap {rCorr
                  | Int+3 SInv}
  1567 | D:2      | Gained mutation: You are surrounded by a mild repulsion
                  | field. (EV +2) [demonic ancestry]
  1567 | D:2      | Reached XP level 4. HP: 15/35 MP: 4/4
  2682 | D:4      | Reached XP level 5. HP: 29/41 MP: 5/5
  3517 | D:5      | Entered Level 5 of the Dungeon
  3540 | D:5      | Noticed an ice beast
  3550 | D:5      | Killed an ice beast
  3551 | D:5      | Gained mutation: You have a pair of small antennae on your
                  | head. [demonic ancestry]
  3551 | D:5      | Reached XP level 6. HP: 21/48 MP: 6/6
  4180 | D:5      | Reached XP level 7. HP: 18/55 MP: 7/7
  4415 | D:5      | Reached skill level 5 in Fighting
  4415 | D:5      | Reached skill level 5 in Long Blades
  4539 | D:5      | Found a blossoming altar of Fedhas.
  4539 | D:5      | Found a hazy altar of Hepliaklqana.
  4564 | D:5      | Noticed a wyvern
  4581 | D:5      | Mangled by a wyvern

Illustrated notes

Levels and vault maps discovered:
D:1:      minmay_arrival_jagged, layout_basic, shapermc_ecumenical_altar_gd
D:2:      layout_loops_ring
D:3:      layout_loops_ring, serial_undead, serial_undead_e, serial_undead_e,
          serial_undead_d, serial_undead_a
D:4:      layout_loops_ring
D:5:      layout_gridville, gammafunk_temple_overflow_wave

Skill      XL: |  1  2  3  4  5  6  7 |
---------------+----------------------+-----
Throwing       | 2 |  2.1
Long Blades    | 3 4 5 |  5.1
Dodging        | 3 4 |  4.7
Fighting       | 3 4 5 |  5.1

Action                     |  1- 3 |  4- 6 |  7- 9 || total
---------------------------+-------+-------+-------++-------
  Melee: Long sword        |   116 |   186 |    38 ||   340
         Punch             |     1 |     2 |       ||     3
  Throw: Throwing net      |       |     1 |     2 ||     3
   Stab: Sleeping          |     1 |     1 |       ||     2
 Armour: Leather armour    |    76 |    98 |    31 ||   205
  Dodge: Dodged            |    62 |   181 |    40 ||   283

Table legend: (Time is in decaauts)
 A = Elapsed time spent in this place.
 B = Non-inter-level travel time spent in this place.
 C = Inter-level travel time spent in this place.
 D = Time resting spent in this place.
 E = Time spent auto-exploring this place.
 F = Levels seen in this place.
 G = Mean time per level.
                   A        B        C        D        E       F      G
               +--------+--------+--------+--------+--------+-----+--------+
         Total |   4652 |   4547 |    105 |    817 |   2954 |   5 |  930.4 |
       Dungeon |   4652 |   4547 |    105 |    817 |   2954 |   5 |  930.4 |
               +--------+--------+--------+--------+--------+-----+--------+

Top non-repeatable levels by time:
     D:1: 1224 daAuts
     D:4: 1142 daAuts
     D:5: 802 daAuts
     D:2: 759 daAuts
     D:3: 723 daAuts
